 Dungeon Crawl Stone Soup version 0.29.1-12-g30fa7ad0bf (webtiles) character file.

Game seed: 5080054411497335409

25 hawla the Chiller (level 3, -3/26 HPs)
             Began as a Meteoran Ice Elementalist on Dec 12, 2022.
             Killed from afar by an orc wizard (10 damage)
             ... with a magic dart
             ... on level 4 of the Dungeon.
             The game lasted 00:03:02 (261 turns).

hawla the Chiller (Meteoran Ice Elementalist)        Turns: 261, Time: 00:03:03

Health: -3/26      AC:  2    Str:  9    XL:     3   Next: 35%
Magic:  2/8        EV: 12    Int: 19    God:
Gold:   23         SH:  0    Dex: 14    Spells: 7/8 levels left

rFire   . . .      SeeInvis .   (no weapon)
rCold   . . .      Faith    .   (no shield)
rNeg    . . .      Spirit   .   a - +0 robe
rPois   .          Reflect  .   (no helmet)
rElec   .          Harm     .   (no cloak)
rCorr   .          Rampage  .   (no gloves)
Will    .....                   (no boots)
Stlth   +.........              (no amulet)
HPRegen 0.08/turn               (no ring)
MPRegen 0.11/turn               (no ring)

@: glowing
A: sense surroundings 1, otherworldly, glowing, explore regen
a: no special abilities


You were on level 4 of the Dungeon.
You visited 1 branch of the dungeon, and saw 4 of its levels.

You collected 23 gold pieces.

Inventory:

Armour
 a - a +0 robe (worn)
Scrolls
 c - a scroll of vulnerability {unknown}
 e - a scroll of immolation {unknown}
Potions
 b - a potion of magic
 d - a potion of might {unknown}
 f - a potion of attraction {unknown}


   Skills:
 + Level 2.5 Dodging
 - Level 1.4 Stealth
 + Level 3.2 Spellcasting
 + Level 5.1 Ice Magic


You had 7 spell levels left.
You knew the following spells:

 Your Spells              Type           Power      Damage    Failure   Level
a - Freeze                Ice            88%        1d10      1%          1

Your spell library contained the following spells:

 Spells                   Type           Power      Damage    Failure   Level
 Frozen Ramparts          Ice            44%        1d7       5%          3
 Ozocubu's Armour         Ice            22%        N/A       5%          3
 Hailstorm                Conj/Ice       12%        3d5       45%         4


Dungeon Overview and Level Annotations

Branches:
Dungeon (4/15) Zot: 2138
 Temple: D:4-7

Altars:
Ru


Innate Abilities, Weirdness & Mutations

You passively map a small area around you.
You are easily found by Zot.
You glow in the dark.
You regain HP and MP as you explore.


Message History

Press: ? - help, Shift-Dir - straight line, f - orc
Aim: an orc, wielding a +0 flail and wearing a +0 leather armour You freeze the orc.
The orc is moderately wounded.
The orc hits you with a +0 flail!
Unknown command.
Casting: Freeze (safe; 1% risk of failure)
Confirm with . or Enter, or press ? or * to list all spells.
Aiming: Freeze (safe; 1% risk of failure)
Press: ? - help, Shift-Dir - straight line, f/p - orc
Aim: an orc, wielding a +0 flail and wearing a +0 leather armour (moderately wounded)
You freeze the orc!
You kill the orc!
Something hits you. Something hits you.
Casting: Freeze (safe; 1% risk of failure)
Confirm with . or Enter, or press ? or * to list all spells.
Aiming: Freeze (safe; 1% risk of failure)
Press: ? - help, Shift-Dir - straight line, f - orc
Aim: an orc, wielding a +0 whip You freeze the orc.
The orc is moderately wounded.
Something hits you. The orc misses you.
Unknown command.
Casting: Freeze (safe; 1% risk of failure)
Confirm with . or Enter, or press ? or * to list all spells.
Aiming: Freeze (safe; 1% risk of failure)
Press: ? - help, Shift-Dir - straight line, f/p - orc
Aim: an orc, wielding a +0 whip (moderately wounded)
You freeze the orc.
You kill the orc!
Something hits you.
* * * LOW HITPOINT WARNING * * *
This spell is quite dangerous to cast!
Memorise Frozen Ramparts, consuming 3 spell levels and leaving 4?
An orc wizard appears from thin air!
Reactivating autopickup.
The orc wizard casts a spell at you.
Your memorisation is interrupted.
The magic dart hits you!
You die...

, , * , , ,* , * *
* ### ### ** *
#.#.. *...# , ,
#.#.###.#.# ,
#.#........# *
#####.#........# ,
.......@........ *
......o)#...... , ,
..............., **
............##### *
................#,,
* ...............#,
,
####.......<#.#..#
#.^...###.#...#,. *
#.........#.#.#,, ,
**


You could see an orc wizard.

Vanquished Creatures
  An adder (D:2)
  4 orcs (D:4)
  2 hobgoblins
  A quokka (D:4)
  3 frilled lizards
  2 goblins
13 creatures vanquished.

Notes
Turn   | Place    | Note
-------+----------+-------------------------------------------
     0 | D:1      | hawla the Meteoran Ice Elementalist began the quest for the
                  | Orb.
     0 | D:1      | Reached XP level 1. HP: 14/14 MP: 5/5
   127 | D:2      | Reached XP level 2. HP: 20/20 MP: 4/6
   204 | D:3      | Found a sacrificial altar of Ru.
   231 | D:4      | Reached XP level 3. HP: 22/26 MP: 5/8
   254 | D:4      | Reached skill level 5 in Ice Magic
   261 | D:4      | Killed from afar by an orc wizard

Illustrated notes

Levels and vault maps discovered:
D:1:      matt_arrival_spirals, layout_basic, serial_shops, shop_statue,
          chequers_ecumenical_altar_twisty, corner_web_ring,
          minmay_misc_feat_five, serial_bayou_pond_e
D:2:      minmay_skewed_foursquare, layout_loops_ring, minmay_misc_feat_hallway,
          nicolae_figureground_pulse
D:3:      layout_rooms, mainiacjoe_overflow_alcove_2,
          mainiacjoe_overflow_concentric_impassable, hex_intersection,
          hangedman_decor_riveting
D:4:      layout_basic, portal_sewer_entry_e

Skill      XL: |  1  2  3 |
---------------+----------+-----
Spellcasting   | 3 |  3.2
Ice Magic      | 5 |  5.1
Dodging        | |  2.5
Stealth        | |  1.4

Action                   || total
-------------------------++-------
 Cast: Freeze            ||    24
Armor: Robe              ||     2
Dodge: Dodged            ||    11
